 Dungeon Crawl Stone Soup version 0.31-a0-690-g7ce4588941 (webtiles) character file.

Game seed: 16656688905816344562

98 shhh the Covered (level 4, -1/35 HPs)
             Began as a Demonspawn Fighter on Sept 6, 2023.
             Slain by a gnoll
             ... wielding a +0 spear
             ... led by a gnoll bouda
              (8 damage)
             ... on level 4 of the Dungeon.
             The game lasted 00:17:17 (2270 turns).

shhh the Covered (Demonspawn Fighter)               Turns: 2270, Time: 00:17:17

Health: -1/35      AC:  9    Str: 18    XL:     4   Next: 44%
Magic:  4/4        EV:  6    Int: 10    God:
Gold:   118        SH:  4    Dex: 12    Spells: 3/3 levels left

rFire   + . .        s - +3 falchion
rCold   x . .        c - +0 buckler
rNeg    . . .        b - +0 scale mail
rPois   .            (no helmet)
rElec   .            i - +0 cloak
rCorr   .            q - +0 pair of gloves
SInv    .            (no boots)
Will    .....        e - amulet of magic regeneration Stlth
                     k - ring of fire
HPRegen 0.25/turn    m - ring of flight
MPRegen 0.49/turn

%: no passive effects
@: flying, constricted
A: ignite blood 2
a: no special abilities


You were on level 4 of the Dungeon.
You visited 1 branch of the dungeon, and saw 4 of its levels.

You collected 118 gold pieces.

Inventory:

Hand Weapons
 s - a +3 falchion (weapon)
Armour
 b - a +0 scale mail (worn)
 c - a +0 buckler (worn)
 i - a +0 cloak (worn)
 q - a +0 pair of gloves (worn)
Jewellery
 e - an amulet of magic regeneration (around neck)
 k - a ring of fire (left hand)
 m - a ring of flight (right hand)
Scrolls
 f - a scroll of teleportation
 g - a scroll of vulnerability
 j - a scroll of amnesia {unknown}
 l - a scroll of enchant armour
 n - a scroll of revelation
 r - a scroll of fog {unknown}
Potions
 d - a potion of might
 h - a potion of enlightenment
 o - 2 potions of curing
 p - a potion of mutation {unknown}


   Skills:
 + Level 3.3 Fighting
 + Level 2.7 Long Blades
 + Level 0.3 Polearms
 + Level 3.3 Armour
 + Level 1.0 Dodging
 + Level 0.1 Stealth
 + Level 3.1 Shields


You had 3 spell levels left.
You didn't know any spells.
Your spell library contained the following spells:

 Spells                   Type           Power      Damage    Failure   Level
 Blink                    Tloc           0%         N/A       92%         2
 Lesser Beckoning         Tloc           0%         N/A       92%         2
 Momentum Strike          Conj/Tloc      0%         3d8       92%         2
 Summon Guardian Golem    Hex/Summ       0%         N/A       99%         3
 Passage of Golubria      Tloc           0%         N/A       100%        4
 Silence                  Hex/Air        0%         N/A       100%        5
 Orb of Destruction       Conj           0%         9d5       100%        7
 Spellforged Servitor     Conj/Summ      0%         N/A       100%        7
 Lehudib's Crystal Spear  Conj/Erth      0%         10d2      100%        8


Dungeon Overview and Level Annotations

Branches:
Dungeon (4/15)
 Temple: D:4-7

Altars:
Nemelex Xobeh


Innate Abilities, Weirdness & Mutations

Your demonic aura often causes spilled blood to erupt in flames.


Message History

The gnolls pick up the pace!
A ball python comes into view.
The ball python hisses angrily.
The orc hits you but does no damage.
The gnoll hits you from afar with a +0 spear.
The gnoll hits you but does no damage.
You barely miss the orc. The orc closely misses you.
The gnoll hits you but does no damage.
You closely miss the orc. The orc hits you but does no damage.
The gnoll closely misses you. You block the gnoll's attack.
You hit the orc.
The orc is lightly wounded.
An endoplasm comes into view.
The orc is engulfed in blazing flames.
You kill the orc!
The gnoll barely misses you. The gnoll hits you with a +0 spear!
The gnoll hits you but does no damage. The gnoll hits you with a +0 spear!
The ball python bites you but does no damage.
The ball python closely misses you.
Things that are here:
a +0 dagger; a +0 leather armour The gnoll bouda hits you with a +0 club!
The gnoll closely misses you. You block the gnoll's attack.
The ball python bites you but does no damage.
You block the ball python's attack.
The gnoll bouda attacks as it pursues you!
The gnoll bouda hits you with a +0 club.
The gnoll attacks as it pursues you!
The gnoll hits you from afar with a +0 spear.
* * * LOW HITPOINT WARNING * * *
The ball python bites you but does no damage.
The ball python grabs you. The ball python constricts you.
You barely miss the ball python. The gnoll hits you but does no damage.
The ball python bites you but does no damage.
The ball python constricts you.
The gnoll hits you from afar with a +0 spear.
* * * LOW HITPOINT WARNING * * *
The gnoll hits you from afar with a +0 spear!
You die...

#.......#
#.......# .
#....... . .
#......#
..#.#<.?J..#
....#......#####
#....g°☼g.....
...#..S.......#
###..g@g.....#
.#......##....#
#........##....#
##...<#........#
#...##........#
#...##........#
####..........#
#.........######
#..............##


You could see a gnoll bouda, 3 gnolls, an endoplasm and a ball python.

Vanquished Creatures
  2 adders
  A gnoll (D:1)
  A worm (D:4)
  2 dart slugs
  2 orcs (D:4)
  7 bats
  3 endoplasms
  A giant cockroach (D:1)
  10 goblins
  7 hobgoblins
  4 quokkas
  10 ball pythons
  3 kobolds
  5 rats
58 creatures vanquished.

Notes
Turn   | Place    | Note
-------+----------+-------------------------------------------
     0 | D:1      | shhh the Demonspawn Fighter began the quest for the Orb.
     0 | D:1      | Reached XP level 1. HP: 18/18 MP: 1/1
   121 | D:1      | Gained mutation: Your demonic aura sometimes causes spilled
                  | blood to erupt in flames. [demonic ancestry]
   121 | D:1      | Reached XP level 2. HP: 22/24 MP: 2/2
   346 | D:1      | Reached XP level 3. HP: 29/29 MP: 3/3
  1614 | D:3      | Gained mutation: Your demonic aura often causes spilled
                  | blood to erupt in flames. [demonic ancestry]
  1614 | D:3      | Reached XP level 4. HP: 30/35 MP: 4/4
  1727 | D:3      | Reached skill level 1 in Dodging
  2151 | D:4      | Found a sparkling altar of Nemelex Xobeh.
  2270 | D:4      | Slain by a gnoll

Illustrated notes

Levels and vault maps discovered:
D:1:      minmay_arrival_hallway, layout_loops_ring, nicolae_hexahallways,
          st_stairs_7, grunt_decor_cap
D:2:      layout_basic, grunt_decor_arrowhead, amethyst_killhole
D:3:      layout_basic
D:4:      kennysheep_big_flooded_room, layout_basic,
          nicolae_overflow_crystal_walls

Skill      XL: |  1  2  3  4 |
---------------+-------------+-----
Shields        | 3 |  3.1
Armour         | 3 |  3.3
Long Blades    | 2 |  2.7
Dodging        | 1 |  1.0
Fighting       | |  3.3
Polearms       | |  0.3
Stealth        | |  0.1

Action                     |  1- 3 |  4- 6 || total
---------------------------+-------+-------++-------
  Melee: Long sword        |   164 |    37 ||   201
         Spear             |       |    14 ||    14
         Falchion          |       |    13 ||    13
    Use: Scroll            |       |     6 ||     6
 Armour: Scale mail        |   164 |    77 ||   241
  Dodge: Dodged            |   115 |    43 ||   158
  Block: Buckler           |    43 |    18 ||    61

Table legend: (Time is in decaauts)
 A = Elapsed time spent in this place.
 B = Non-inter-level travel time spent in this place.
 C = Inter-level travel time spent in this place.
 D = Time resting spent in this place.
 E = Time spent auto-exploring this place.
 F = Levels seen in this place.
 G = Mean time per level.
                   A        B        C        D        E       F      G
               +--------+--------+--------+--------+--------+-----+--------+
         Total |   2338 |    613 |   1725 |      0 |      0 |   4 |  584.5 |
       Dungeon |   2338 |    613 |   1725 |      0 |      0 |   4 |  584.5 |
               +--------+--------+--------+--------+--------+-----+--------+

Top non-repeatable levels by time:
     D:1: 844 daAuts
     D:3: 714 daAuts
     D:2: 598 daAuts
     D:4: 180 daAuts
